 Dungeon Crawl Stone Soup version 0.28.0-62-gf88900778d (webtiles) character file.

Game seed: 15405680137898676268

1719204 Valamore the Slayer (level 24, 238/238 (244) HPs)
             Began as a Hill Orc Monk on Feb 28, 2023.
             Was the Champion of Makhleb.
             Escaped with the Orb
             ... and 3 runes!
             The game lasted 01:20:45 (58882 turns).

Valamore the Slayer (Hill Orc Monk)                Turns: 58882, Time: 01:20:45

HP:   238/238 (244) AC: 39    Str: 25 (27) XL:     24   Next: 97%
MP:   37/37         EV: 12    Int:  1 (5)  God:    Makhleb [******]
Gold: 2670          SH: 32    Dex: 19 (21) Spells: 23/23 levels left

rFire   + + .      SeeInvis .   a - +5 broad axe (vorpal)
rCold   + . .      Faith    .   Z - +8 tower shield {AC+3}
rNeg    . . .      Spirit   .   U - +2 gold dragon scales
rPois   +          Reflect  .   Q - +2 helmet of Nuts {Will+ Str+2 Int-5 Dex+6}
rElec   +          Harm     .   p - +2 cloak
rCorr   .          Rampage  .   J - +2 pair of gloves
Will    ++...                   S - +2 pair of boots
Stlth   ..........              o - amulet of Pantheism {rPois rF+ Regen+ Stlth+}
HPRegen 2.09/turn               N - +4 ring of slaying
MPRegen 0.25/turn               s - ring of Sif Muna's Esteem {Fly rElec}

@: flying, lightly drained
A: claws 1, thin skeletal structure 1, poison resistance, regeneration 1,
screaming 1, wild magic 1
0: Orb of Zot
}: 3/15 runes: decaying, serpentine, silver
a: Renounce Religion, Minor Destruction, Lesser Servant of Makhleb, Major
Destruction, Greater Servant of Makhleb


You escaped.
You worshipped Makhleb.
Makhleb was exalted by your worship.
You visited 10 branches of the dungeon, and saw 49 of its levels.
You also visited: Sewer, Ossuary and Gauntlet.

You collected 4981 gold pieces.
You spent 2311 gold pieces at shops.

Inventory:

Hand Weapons
 a - a +5 vorpal broad axe (weapon)
 T - a +0 broad axe of freezing
Missiles
 d - a throwing net
 e - 9 curare-tipped darts
 j - 5 silver boomerangs (quivered)
 l - 16 javelins
 G - 2 silver javelins
 W - 32 boomerangs
Armour
 p - a +2 cloak (worn)
 J - a +2 pair of gloves (worn)
 Q - the +2 helmet of Nuts (worn) {Will+ Str+2 Int-5 Dex+6}
   (You found it on level 12 of the Dungeon)

   Str:       It affects your strength (+2).
   Int:       It affects your intelligence (-5).
   Dex:       It affects your dexterity (+6).
   Will:      It increases your willpower.
 S - a +2 pair of boots (worn)
 U - +2 gold dragon scales (worn)
 Z - a +8 tower shield of protection (worn)
Jewellery
 b - a ring of see invisible
 f - a ring of protection from fire
 n - the ring "Foklygoh" {Will++ rCorr Str+6 Slay-5}
   (You took it off a deep elf master archer on level 3 of the Elven Halls)

   [ring of strength]

   Str:       It affects your strength (+6).
   Slay:      It affects your accuracy & damage with ranged weapons and melee
   (-5).
   rCorr:     It protects you from acid and corrosion.
   Will:      It greatly increases your willpower.
 o - the amulet of Pantheism (around neck) {rPois rF+ Regen+ Stlth+}
   (You bought it in a shop on level 2 of the Orcish Mines)

   [amulet of regeneration]

   rF:        It protects you from fire.
   rPois:     It protects you from poison.
   Regen:     It increases your rate of health regeneration.
   Stlth:     It makes you more stealthy.
 s - the ring of Sif Muna's Esteem (right hand) {Fly rElec}
   (You found it on level 3 of the Elven Halls)

   [ring of flight]

   rElec:     It insulates you from electricity.
   Fly:       It grants you flight.
 u - a ring of ice
 N - a +4 ring of slaying (left hand)
Wands
 v - a wand of digging (62)
 V - a wand of acid (18)
 X - a wand of iceblast (45)
Scrolls
 k - 2 scrolls of summoning
 q - 4 scrolls of holy word
 t - 4 scrolls of teleportation
 y - a scroll of silence
 z - 5 scrolls of blinking
 B - 7 scrolls of fog
 C - 7 scrolls of immolation
 I - 7 scrolls of fear
 K - 7 scrolls of vulnerability
Potions
 g - 4 potions of lignification
 i - 10 potions of mutation
 m - 6 potions of might
 r - a potion of resistance
 w - 5 potions of heal wounds
 E - 2 potions of cancellation
 F - 2 potions of berserk rage
 H - 14 potions of curing
 L - 2 potions of invisibility
 M - 8 potions of magic
 O - 3 potions of ambrosia
Miscellaneous
 c - a condenser vane
 x - a tin of tremorstones (2/2)
 A - a lightning rod (4/4)
 D - a box of beasts
 P - a phial of floods
 R - a phantom mirror


   Skills:
 + Level 25.7 Fighting
 - Level 18.0 Axes
 - Level 12.0 Throwing
 + Level 14.3 Armour
 - Level 15.0 Dodging
 - Level 2.0 Stealth
 - Level 22.0 Shields
 + Level 21.1 Invocations
 - Level 12.0 Evocations


You had 23 spell levels left.
You didn't know any spells.
Your spell library contained the following spells:

 Spells                   Type           Power      Damage    Failure   Level
 Animate Skeleton         Necr           0%         N/A       100%        1
 Beastly Appendage        Tmut           0%         N/A       100%        1
 Foxfire                  Conj/Fire      0%         2x1d4     100%        1
 Magic Dart               Conj           0%         1d3       100%        1
 Pain                     Necr           0%         1d4       100%        1
 Sandblast                Erth           0%         2d4       100%        1
 Sting                    Tmut/Pois      0%         1d3       100%        1
 Corpse Rot               Necr/Air       0%         N/A       100%        2
 Ensorcelled Hibernation  Hex/Ice        0%         N/A       100%        2
 Passwall                 Tmut/Erth      0%         N/A       100%        2
 Poisonous Vapours        Pois/Air       0%         N/A       100%        2
 Searing Ray              Conj           0%         2d4       100%        2
 Static Discharge         Conj/Air       0%         N/A       100%        2
 Sublimation of Blood     Necr           0%         N/A       100%        2
 Wereblood                Tmut           0%         N/A       100%        2
 Call Canine Familiar     Summ           0%         N/A       100%        3
 Conjure Flame            Conj/Fire      0%         6-21      100%        3
 Frozen Ramparts          Ice            0%         1d2       100%        3
 Ignite Poison            Fire/Tmut/Pois 0%         N/A       100%        3
 Inner Flame              Hex/Fire       0%         N/A       100%        3
 Ozocubu's Armour         Ice            0%         N/A       100%        3
 Spider Form              Tmut/Pois      0%         N/A       100%        3
 Stone Arrow              Conj/Erth      0%         3d7       100%        3
 Tukima's Dance           Hex            0%         N/A       100%        3
 Vampiric Draining        Necr           0%         2d6       100%        3
 Airstrike                Air            0%         N/A       100%        4
 Anguish                  Hex/Necr       0%         N/A       100%        4
 Dispel Undead            Necr           0%         3d6       100%        4
 Flame Wave               Conj/Fire      0%         2d4       100%        4
 Fulminant Prism          Conj/Hex       0%         3d6       100%        4
 Hailstorm                Conj/Ice       0%         3d3       100%        4
 Ice Form                 Ice/Tmut       0%         N/A       100%        4
 Olgreb's Toxic Radiance  Pois           0%         N/A       100%        4
 Passage of Golubria      Tloc           0%         N/A       100%        4
 Petrify                  Tmut/Erth      0%         N/A       100%        4
 Sticky Flame             Conj/Fire      0%         2d3       100%        4
 Summon Ice Beast         Ice/Summ       0%         N/A       100%        4
 Summon Lightning Spire   Summ/Air       0%         N/A       100%        4
 Agony                    Necr           0%         N/A       100%        5
 Excruciating Wounds      Necr           0%         N/A       100%        5
 Fireball                 Conj/Fire      0%         3d3       100%        5
 Irradiate                Conj/Tmut      0%         3d14      100%        5
 Lightning Bolt           Conj/Air       0%         1d11      100%        5
 Metabolic Englaciation   Hex/Ice        0%         N/A       100%        5
 Yara's Violent Unravell  Hex/Tmut       0%         3d3       100%        5
 Simulacrum               Ice/Necr       0%         N/A       100%        6
 Starburst                Conj/Fire      0%         6d3       100%        6
 Summon Cactus Giant      Summ           0%         N/A       100%        6
 Haunt                    Necr/Summ      0%         N/A       100%        7
 Malign Gateway           Summ/Tloc      0%         N/A       100%        7
 Ozocubu's Refrigeration  Ice            0%         4d5       100%        7
 Spellforged Servitor     Conj/Summ      0%         N/A       100%        7
 Summon Hydra             Summ           0%         N/A       100%        7
 Ignition                 Fire           0%         3d3       100%        8
 Maxwell's Capacitive Co  Air            0%         ∞         100%        8
 Summon Horrible Things   Summ           0%         N/A       100%        8
 Dragon's Call            Summ           0%         N/A       100%        9


Dungeon Overview and Level Annotations

Branches:
Dungeon (15/15)            Temple (1/1) D:6            Lair (6/6) D:8
  Swamp (4/4) Lair:4        Snake (4/4) Lair:4        Slime (0/5) Lair:6
    Orc (2/2) D:9             Elf (3/3) Orc:2        Vaults (5/5) D:14
  Crypt (0/3) Vaults:2     Depths (4/4) D:15            Zot (5/5) Depths:4
  Sewer (visited)         Ossuary (visited)         Gauntlet (visited)

Altars:
Ashenzari
Cheibriados
Dithmenos
Elyvilon
Fedhas
Gozag
Hepliaklqana
Kikubaaqudgha
Makhleb
Nemelex Xobeh
Okawaru
Qazlal
Ru
Sif Muna
Trog
Uskayaw
Vehumet
Wu Jian
Xom
Yredelemnul
Zin
The Shining One
Beogh
Jiyva
Lugonu

Shops:
D:5 ?   D:7 *   Orc:2 ((*=   Elf:3 (   Snake:1 :(   Snake:4 *:(?
Vaults:1 ===:   Vaults:2 =

Portals:
Hell: Depths:1 Depths:2 Depths:3 Depths:4
Abyss: Depths:2 Depths:3
Pandemonium: Depths:1 Depths:2 Depths:4
Ziggurat: Depths:4
Trove: D:13 (give +3 storm dragon scales)

Annotations:
D:12 2 transporters, cbfl8's ghost, journeyman MiBe
Lair:6 4 runed translucent doors, dudediamond6's ghost, journeyman MiBe
Swamp:3 Roxanne
Elf:2 3 runed translucent doors
Depths:3 exclusion: downstairs


Innate Abilities, Weirdness & Mutations

You have sharp fingernails.
You have a somewhat thin skeletal structure. (Dex +2, Stealth+)
Your system is resistant to poisons. (rPois)
Your natural rate of healing is unusually fast.
You occasionally shout uncontrollably at your foes.
Your spells are a little harder to cast, but a little more powerful.


Message History

A Brimstone Fiend comes into view.
The Brimstone Fiend moves out of view.
Your surroundings suddenly seem different.
You see here a +0 club.
There is a stone staircase leading up here.
You fly upwards.
There is a stone staircase leading down here.
(D) Dungeon (T) Temple (L) Lair (S) Swamp (P) Snake Pit (M) Slime Pits (O) Orcish Mines (E) Elven Halls (V) Vaults (C) Crypt (U) Depths (H) Hell (Z) Zot
Where to? (Enter - D:1 @ (x,y), ? - help)
What level of the Dungeon? (default 1, ? - help)
You see here 19 bolts.
There is a stone staircase leading up here.
You fly upwards.
There is a stone staircase leading down, spattered with blood here.
HP restored.
A demonic crawler comes into view.
The demonic crawler gives a hideous shriek!
The demonic crawler shrieks in warning!
You slice the demonic crawler!!
The demonic crawler is heavily wounded.
You block the demonic crawler's attack.
The demonic crawler hits you but does no damage.
You block the demonic crawler's attack.
You slash the demonic crawler!
The demonic crawler is almost dead.
You slash the demonic crawler!
You kill the demonic crawler!
Makhleb accepts your kill.
No target in view!
There is a staircase leading out of the dungeon here.
You start putting on your armour.
You continue putting on the +2 helmet of Nuts {Will+ Str+2 Int-5 Dex+6}. x4
You finish putting on the +2 helmet of Nuts {Will+ Str+2 Int-5 Dex+6}.
You feel stronger.
You feel stupid.
You feel agile.
You have escaped!

....#...###..........# #.#.......
..#...#.....##.###.#.###.###...##
..############.....#.......#...#
......# ###.#.#.###..##.#...#
......# #...).....#>........##
......# ####.#.#.#.#.###.#.#.#..#
#.....# #......#.#.......#.#.#..#
#.....# ##.#.###.###.#.#.#.#.#..#
#.....# #......@......#.#.#.#..#
#.########.#.###.###.#.#.#...#...
.......##......#.#.......#.#.#...
.......#####.#.#.#.#.###...#.##..
.......# #.........# #####.##..
.......# ###.#.#.### #.##..
.......# #.....# #.###. .......#
#^###.# #.###.
.......###########.# #.....


There were no monsters in sight!

Vanquished Creatures
  2 dread liches (Zot:5)
  2 orbs of fire (Zot:5)
  Mennas (Vaults:2)
  A juggernaut (Depths:2)
  5 Killer Klowns (Zot:5)
  Bai Suzhen (Swamp:4)
  Vashnia (Snake:3)
  2 golden dragons
  3 bone dragons
  the Enchantress (Depths:1)
  An electric golem (Zot:5)
  Jorgrun (Swamp:1)
  24 Orb Guardians
  6 tentacled monstrosities
  Asterion (Depths:2)
  A lich (Depths:2)
  3 quicksilver dragons
  2 deep elf blademasters (Elf:3)
  2 deep elf master archers (Elf:3)
  A titan (Vaults:5)
  4 death cobs
  An ancient champion (Vaults:2)
  8 sphinxes
  3 shadow dragons
  2 thorn hunters
  Agnes (Snake:3)
  6 nagarajas
  5 tengu reavers
  A draconian monk (Depths:4)
  6 storm dragons
  2 azure jellies (Vaults:3)
  An iron dragon (Depths:2)
  Aizul (Snake:3)
  4 deep elf sorcerers (Elf:3)
  2 draconian knights
  8 vault wardens
  3 fire giants
  7 frost giants
  2 cacodemons
  2 orc warlords
  2 draconian scorchers
  A ghost moth (Zot:4)
  A draconian shifter (Zot:4)
  12 very ugly things
  2 draconian annihilators
  12 stone giants
  3 deep elf elementalists (Elf:3)
  2 ghouls (Swamp:3)
  A war gargoyle (Vaults:5)
  13 ironbound preservers
  3 spriggan defenders (Depths:1)
  6 deep elf demonologists
  3 black draconians
  5 ironbound thunderhulks
  3 green draconians
  8 purple draconians
  4 white draconians
  8 eleionomae
  3 red draconians
  6 yellow draconians
  3 deep elf annihilators (Elf:3)
  An entropy weaver (Vaults:4)
  7 bunyips
  12 dire elephants
  4 spark wasps
  An ettin (shapeshifter) (D:13)
  9 ettins
  A merfolk javelineer (Depths:1)
  2 crystal guardians
  Josephine (Orc:2)
  4 deep elf death magi (Elf:3)
  5 deep elf high priests
  6 fire dragons
  8 ice dragons
  4 shambling mangroves
  7 jiangshi
  17 vault guards
  3 salamander tyrants
  6 great orbs of eyes
  10 yaktaur captains
  17 naga warriors
  2 peacekeepers
  3 rakshasas
  5 spriggan air magi
  2 boulder beetles (D:15)
  5 ogre magi
  9 hydras
  A hydra (shapeshifter) (Gauntlet)
  6 ghost crabs
  5 ironbound frosthearts
  11 two-headed ogres
  9 alligators
  4 centaur warriors
  The ghost of cbfl8 the Cleaver, a novice MiFi of Makhleb (D:10)
  6 anacondas
  3 catoblepae
  A tengu warrior (Depths:2)
  17 dancing weapons
  2 death yaks (Gauntlet)
  5 deep troll earth magi
  4 deep troll shamans
  7 shock serpents
  5 vampire magi
  Urug (Lair:6)
  3 hell hogs (Depths:3)
  12 naga sharpshooters
  9 deep elf knights
  3 spriggan berserkers
  A storm dragon zombie (Depths:3)
  3 orc high priests (Orc:2)
  2 sun demons
  13 hell knights
  Sonja (Lair:6)
  5 soul eaters
  An iron troll (Depths:1)
  48 deep trolls
  3 sixfirhies
  8 skeletal warriors
  4 goliath frogs
  7 spriggan druids
  4 flayed ghosts
  3 salamander mystics
  A golden dragon zombie (Depths:3)
  2 death drakes
  5 glowing orange brains
  A phantasmal warrior (Vaults:2)
  3 swamp dragons
  11 bog bodies
  2 naga ritualists
  20 ironbound convokers
  8 wizards
  4 spectral hydras (Swamp:4)
  20 deep elf zephyrmancers
  3 harpies (Vaults:1)
  12 lindwurms
  7 necromancers
  10 orc knights
  7 deep elf archers
  23 deep elf pyromancers
  4 mana vipers
  4 orc sorcerers (Orc:2)
  A fire giant zombie (Depths:3)
  2 oklob plants (Snake:3)
  3 cyclopes
  3 will-o-the-wisps
  41 ugly things
  8 salamanders
  9 elephants (Lair:6)
  2 manticores (D:15)
  A shadow dragon skeleton (Depths:3)
  6 moths of wrath
  3 ice statues
  2 guardian serpents
  16 vault sentinels
  2 worldbinders (Vaults:3)
  15 black mambas
  14 naga magi
  7 cane toads
  2 orange demons (D:12)
  A storm dragon simulacrum (Depths:3)
  2 torpor snails
  Maggie (D:10)
  3 smoke demons (Depths:3)
  An unseen horror (D:11)
  5 rime drakes
  Psyche (D:10)
  2 gargoyles (D:12)
  A kobold demonologist (D:12)
  A demonic crawler (D:1)
  4 swamp worm zombies (Swamp:4)
  8 komodo dragons
  A freezing wraith (D:10)
  3 tengu conjurers
  31 yaktaurs
  An anaconda simulacrum (Vaults:3)
  10 polar bears (Lair:6)
  A guardian mummy (Zot:3)
  2 hydra zombies (Swamp:4)
  A polar bear (shapeshifter) (D:15)
  9 trolls
  6 tyrant leeches
  18 hornets
  4 raiju (Lair:6)
  2 bloated husks (Swamp:4)
  A hornet (shapeshifter) (Elf:3)
  24 slime creatures
  A tarantella (shapeshifter) (Elf:2)
  2 dream sheep (Lair:6)
  11 blink frogs
  2 spectral swamp dragons (Swamp:4)
  3 alligator zombies (Swamp:4)
  14 spriggans
  4 air elementals
  4 fire elementals
  79 yaks
  A vampire (D:13)
  5 water elementals
  10 wraiths
  3 wyverns
  6 basilisks
  6 hogs
  A hog (shapeshifter) (D:15)
  2 redbacks (Vaults:4)
  6 steam dragons
  A chaos spawn (Depths:1)
  A human simulacrum (Vaults:3)
  A neqoxec (Depths:1)
  2 vampire mosquitoes (D:12)
  A harpy simulacrum (Vaults:3)
  17 swamp worms
  5 wargs
  43 nagas
  3 acid dragons
  12 water moccasins
  A water moccasin (shapeshifter) (Gauntlet)
  A floating eye (Depths:2)
  13 hell hounds (Lair:6)
  6 swamp drakes
  Pargi (Sewer)
  12 black bears
  42 orc warriors
  An ice beast (D:6)
  A black mamba simulacrum (Vaults:3)
  2 necrophages
  A fire dragon simulacrum (Vaults:3)
  3 sky beasts (D:6)
  16 wolves (Lair:6)
  8 centaurs
  3 swamp dragon zombies (Swamp:4)
  5 boggarts
  4 phantoms
  17 ogres
  2 kobold brigands
  11 bullfrogs
  2 earth elementals
  A wyvern zombie (D:7)
  A gnoll sergeant (D:12)
  A scorpion (D:7)
  12 killer bees
  12 wights
  2 elephant simulacra (Vaults:3)
  4 howler monkeys
  4 crimson imps (D:14)
  2 lava snakes (D:14)
  An electric eel (D:9)
  A bullfrog zombie (D:5)
  4 centaur zombies
  3 hounds
  4 jellies
  23 orc priests
  A gnoll shaman (D:9)
  Jessica (D:3)
  7 iguanas
  20 orc wizards
  2 hell rats (Lair:3)
  2 troll simulacra (Vaults:3)
  A killer bee zombie (D:7)
  12 mummies (Ossuary)
  A howler monkey zombie (D:9)
  A swamp drake zombie (Swamp:4)
  8 gnolls
  A howler monkey skeleton (D:7)
  6 adders
  7 river rats (Lair:3)
  A shadow imp (D:7)
  A white imp (D:8)
  An ufetubus (D:7)
  2 worms
  A dart slug (D:1)
  95 orcs
  14 bats
  4 endoplasms
  6 giant cockroaches
  13 goblins
  10 hobgoblins
  15 kobolds
  5 quokkas
  9 ball pythons
  6 frilled lizards
  3 gnoll skeletons (Ossuary)
  2 goblin skeletons (Ossuary)
  3 orc skeletons (Ossuary)
  8 rats
  11 rat skeletons (Ossuary)
  9 briar patches (Swamp:2)
1790 creatures vanquished.

Vanquished Creatures (collateral kills)
  Nikola (Swamp:2)
  An Orb Guardian (Zot:5)
  2 quicksilver dragons (Snake:4)
  A death cob (Zot:5)
  A nagaraja (Snake:4)
  A vault warden (Vaults:2)
  Louise (Swamp:2)
  A draconian shifter (Zot:3)
  A black draconian (Zot:4)
  A purple draconian (Zot:4)
  A minotaur (Gauntlet)
  An eleionoma (Swamp:1)
  A crystal guardian (Vaults:3)
  3 naga warriors
  A hydra (Lair:2)
  An ironbound frostheart (Vaults:2)
  A boulder beetle (Vaults:3)
  An alligator (Swamp:1)
  An orc high priest (Orc:2)
  2 naga sharpshooters (Snake:3)
  A goliath frog (Swamp:1)
  A salamander mystic (Snake:2)
  A salamander (Snake:2)
  3 naga magi (Snake:4)
  2 black mambas (Snake:3)
  A vault sentinel (Vaults:3)
  A yaktaur (Vaults:2)
  A tyrant leech (Swamp:1)
  A frost giant simulacrum (Vaults:3)
  A yak (Lair:2)
  2 nagas (Snake:3)
  2 water moccasins (Lair:6)
  An orc warrior (Orc:2)
  A wolf (Lair:6)
  2 orc priests
  An orc wizard (Orc:2)
  4 orcs
50 creatures vanquished.

Vanquished Creatures (others)
  A fire giant (Vaults:2)
  Kirke (Snake:3)
  2 vampire knights
  A hydra (Swamp:2)
  A naga sharpshooter (Snake:4)
  A swamp dragon (Swamp:2)
  A deep elf zephyrmancer (Elf:1)
  A naga mage (Snake:3)
  A hornet (Swamp:4)
  A tengu simulacrum (Vaults:3)
  A polar bear (shapeshifter) (Elf:2)
  7 bloated husks
  A tyrant leech (Swamp:2)
  A spriggan (Swamp:4)
  A human (Snake:4)
  A boggart (Vaults:1)
  2 swamp dragon zombies (Swamp:4)
  A phantom (Swamp:4)
  A swamp drake zombie (Swamp:4)
  A briar patch (Swamp:2)
  21 foxfires
  16 fungi
  56 plants
121 creatures vanquished.

Grand Total: 1961 creatures vanquished

Notes
Turn   | Place    | Note
-------+----------+-------------------------------------------
     0 | D:1      | Valamore the Hill Orc Monk began the quest for the Orb.
     0 | D:1      | Reached XP level 1. HP: 19/19 MP: 1/1
   249 | D:1      | Reached XP level 2. HP: 25/27 MP: 2/2
   446 | D:1      | Reached skill level 4 in Fighting
   777 | D:2      | Reached XP level 3. HP: 32/33 MP: 3/3
  1189 | D:2      | Reached skill level 5 in Axes
  1404 | D:2      | Reached XP level 4. HP: 40/40 MP: 4/4
  1707 | D:1      | Found a faded altar of an unknown god.
  2170 | D:3      | You fall into a shaft and drop 3 floors!
  2175 | D:5      | Entered Level 5 of the Dungeon
  2204 | D:6      | Found a glowing drain.
  2242 | Sewer    | Entered a sewer
  2289 | Sewer    | Noticed Pargi
  2318 | Sewer    | Killed Pargi
  2319 | Sewer    | Reached skill level 5 in Fighting
  2319 | Sewer    | Reached XP level 5. HP: 16/48 MP: 5/5
  2876 | D:6      | Noticed a black bear
  2897 | D:5      | Gained mutation: You possess an exceptional clarity of
                  | mind. [potion of mutation]
  2897 | D:5      | Gained mutation: You are partially covered in iridescent
                  | scales. (AC +2) [potion of mutation]
  2897 | D:5      | Gained mutation: Your muscles are strong. (Str +2) [potion
                  | of mutation]
  2902 | D:5      | Killed a black bear
  2903 | D:5      | Reached XP level 6. HP: 17/56 MP: 6/6
  3305 | D:6      | Found a staircase to the Ecumenical Temple.
  3334 | Temple   | Entered the Ecumenical Temple
  3470 | D:6      | Noticed a sky beast
  3589 | D:6      | Killed a sky beast
  3590 | D:6      | Reached skill level 6 in Fighting
  3590 | D:6      | Reached XP level 7. HP: 29/63 MP: 7/7
  4415 | D:5      | Found Jaicyzipt's Magic Scroll Shop.
  4418 | D:5      | Bought a scroll of amnesia for 38 gold pieces
  4418 | D:5      | Bought a scroll of fog for 22 gold pieces
  4418 | D:5      | Bought a scroll of immolation for 38 gold pieces
  5458 | D:4      | Found a basalt altar of Yredelemnul.
  5620 | D:4      | Reached skill level 7 in Fighting
  5620 | D:4      | Reached skill level 10 in Axes
  5620 | D:4      | Reached XP level 8. HP: 37/73 MP: 8/8
  5640 | D:4      | Found a sand-covered staircase.
  5702 | Ossuary  | Entered an ossuary
  7607 | D:3      | Noticed Jessica
  7610 | D:3      | Killed Jessica
  7861 | D:3      | Found a burning altar of Makhleb.
  8065 | D:3      | Became a worshipper of Makhleb the Destroyer
  8065 | D:3      | Reached * piety under Makhleb
  8065 | D:3      | Reached ** piety under Makhleb
  8275 | D:6      | Reached skill level 8 in Fighting
  8308 | D:6      | Found a snail-covered altar of Cheibriados.
  8476 | D:6      | Reached XP level 9. HP: 82/82 MP: 9/9
  8490 | D:6      | Found a sacrificial altar of Ru.
  9232 | D:7      | Reached skill level 9 in Fighting
  9273 | D:7      | Found an opulent altar of Gozag.
  9641 | D:7      | Found Jiohi's CLEARANCE SALE!.
  9648 | D:7      | Bought a scroll of identify for 14 gold pieces
  9926 | D:7      | Reached skill level 1 in Armour
 10372 | D:7      | Found a glowing silver altar of Zin.
 10479 | D:8      | Found a staircase to the Lair.
 10611 | D:8      | Reached *** piety under Makhleb
 10831 | D:8      | Reached XP level 10. HP: 90/91 MP: 10/10
 10895 | D:8      | Found an iron altar of Okawaru.
 10975 | D:8      | Reached skill level 15 in Axes
 10975 | D:8      | Reached skill level 1 in Shields
 11099 | D:8      | Found an ancient bone altar of Kikubaaqudgha.
 11156 | D:8      | Identified the +5 short sword of Awkwardness {speed, Dex+4}
 11161 | D:8      | Found a sparkling altar of Nemelex Xobeh.
 11891 | D:9      | Reached **** piety under Makhleb
 12105 | D:9      | Reached skill level 5 in Armour
 12544 | D:9      | Found a staircase to the Orcish Mines.
 12713 | D:9      | Reached skill level 5 in Shields
 12859 | D:9      | Identified the +8 plate armour of Grace {rCorr Str+6}
 13050 | D:10     | Entered Level 10 of the Dungeon
 13072 | D:10     | Noticed Psyche
 13091 | D:10     | Reached XP level 11. HP: 97/97 MP: 11/11
 13098 | D:10     | Killed Psyche
 13213 | D:10     | Found a runed translucent gate.
 13213 | D:10     | Found a runed translucent gate.
 13292 | D:10     | Noticed a two-headed ogre
 13303 | D:10     | Killed a two-headed ogre
 13397 | D:10     | Noticed a cyclops
 13406 | D:10     | Killed a cyclops
 13418 | D:10     | Noticed Maggie
 13441 | D:10     | Killed Maggie
 13442 | D:10     | Reached skill level 1 in Invocations
 13886 | D:10     | Found a hazy altar of Hepliaklqana.
 13984 | D:10     | Found a stormy altar of Qazlal.
 13988 | D:10     | Found a bloodstained altar of Trog.
 13993 | D:10     | Found a hide-covered altar of Uskayaw.
 14138 | D:10     | Found a runed translucent gate.
 14142 | D:10     | Noticed cbfl8's ghost (novice MiFi)
 14282 | D:11     | Reached ***** piety under Makhleb
 14988 | D:11     | Noticed an eight-headed hydra
 15183 | D:11     | Reached skill level 10 in Fighting
 15226 | D:11     | Reached skill level 5 in Invocations
 15335 | D:11     | Killed an eight-headed hydra
 15988 | D:12     | Reached XP level 12. HP: 99/108 MP: 16/16
 16049 | D:12     | Reached skill level 5 in Dodging
 16057 | D:12     | Reached skill level 11 in Fighting
 16264 | D:12     | Identified the +10 plate armour of the Farmer {Harm rC+}
 16316 | D:12     | Noticed a four-headed hydra
 16466 | D:12     | Noticed a two-headed ogre
 16480 | D:12     | Killed a two-headed ogre
 16657 | D:12     | Found a transporter.
 16670 | D:12     | Noticed a boulder beetle
 16684 | D:12     | Noticed a boulder beetle
 16727 | D:12     | Found a transporter.
 16729 | D:12     | Noticed cbfl8's ghost (journeyman MiBe)
 16777 | D:12     | Noticed a two-headed ogre
 16785 | D:12     | Killed a two-headed ogre
 17118 | D:12     | Noticed a soul eater
 17632 | D:12     | Identified the +2 helmet of Nuts {Will+ Str+2 Int-5 Dex+6}
 17763 | Lair:1   | Entered Level 1 of the Lair of Beasts
 18138 | Lair:1   | Reached skill level 12 in Fighting
 18190 | Lair:1   | Noticed a catoblepas
 18200 | Lair:1   | Killed a catoblepas
 18925 | Lair:2   | Reached skill level 10 in Invocations
 18968 | Lair:2   | Noticed a seven-headed hydra
 18976 | Lair:2   | Killed a seven-headed hydra
 18977 | Lair:2   | Reached XP level 13. HP: 83/119 MP: 20/20
 19134 | Lair:2   | Reached skill level 13 in Fighting
 19786 | Lair:3   | Found a gate leading to a gauntlet.
 19796 | Gauntlet | Entered a Gauntlet
 19796 | Gauntlet | Found a transporter.
 19796 | Gauntlet | Found a runed translucent gate.
 19796 | Gauntlet | Found a transporter.
 19796 | Gauntlet | Found a runed translucent gate.
 19895 | Gauntlet | Found a runed translucent door.
 19898 | Gauntlet | Found a transporter.
 19900 | Gauntlet | Found a transporter.
 19904 | Gauntlet | Found a runed translucent door.
 19904 | Gauntlet | Found a runed translucent door.
 19908 | Gauntlet | Found a transporter.
 19912 | Gauntlet | Found a transporter.
 19914 | Gauntlet | Noticed a reaper
 19929 | Gauntlet | Found a transporter.
 19937 | Gauntlet | Found a transporter.
 19955 | Gauntlet | Found a transporter.
 19956 | Gauntlet | Found a transporter.
 19967 | Gauntlet | Found a transporter.
 19968 | Gauntlet | Found a transporter.
 19970 | Gauntlet | Found a runed translucent gate.
 20050 | Gauntlet | Noticed a quicksilver ooze
 20069 | Gauntlet | a quicksilver ooze changed into a six-headed hydra
 20208 | Gauntlet | Noticed a fire dragon
 20208 | Gauntlet | an anaconda changed into a fire dragon
 20234 | Gauntlet | a fire dragon changed into a four-headed hydra
 20298 | Gauntlet | Reached skill level 14 in Fighting
 20300 | Gauntlet | Noticed a balrug
 20305 | Gauntlet | Identified the +1 pair of boots of Udisopru {rC- Dex+8}
 20660 | Gauntlet | Noticed a minotaur
 20678 | Gauntlet | Killed a minotaur
 21682 | Lair:3   | Reached skill level 15 in Fighting
 22280 | Lair:4   | Found a staircase to the Swamp.
 22372 | Lair:4   | Found a staircase to the Snake Pit.
 22557 | Lair:4   | Identified the +2 leather armour of the Bulwark {+Blink
                  | Str-2 Dex+3 SInv}
 23242 | Lair:5   | Reached XP level 14. HP: 106/135 MP: 23/23
 23793 | Lair:6   | Entered Level 6 of the Lair of Beasts
 23798 | Lair:6   | Reached skill level 10 in Armour
 23914 | Lair:6   | Noticed Urug
 23914 | Lair:6   | Noticed Sonja
 23919 | Lair:6   | Killed Sonja
 23923 | Lair:6   | Killed Urug
 24053 | Lair:6   | Reached skill level 16 in Fighting
 24280 | Lair:6   | Found a runed translucent door.
 24280 | Lair:6   | Found a viscous altar of Jiyva.
 24281 | Lair:6   | Found a staircase to the Slime Pits.
 24425 | Lair:6   | Found a runed translucent gate.
 24425 | Lair:6   | Found a runed translucent gate.
 24425 | Lair:6   | Found a runed translucent gate.
 24672 | Lair:6   | Reached ****** piety under Makhleb
 25245 | Lair:6   | Noticed dudediamond6's ghost (journeyman MiBe)
 25779 | D:10     | Killed cbfl8's ghost
 26014 | D:13     | Reached skill level 17 in Fighting
 26064 | D:13     | Reached skill level 15 in Invocations
 26489 | D:13     | Found a portal to a secret trove of treasure.
 26510 | D:13     | Reached XP level 15. HP: 147/147 MP: 26/26
 27381 | D:14     | Found a shimmering altar of Xom.
 27448 | D:14     | Found a gate to the Vaults.
 27909 | D:15     | Entered Level 15 of the Dungeon
 27986 | D:15     | Found a staircase to the Depths.
 28296 | D:15     | Reached skill level 18 in Fighting
 28896 | D:15     | Paralysed by an ogre mage for 3 turns
 29462 | Orc:1    | Entered Level 1 of the Orcish Mines
 29522 | Orc:1    | Reached skill level 19 in Fighting
 29647 | Orc:2    | Entered Level 2 of the Orcish Mines
 30047 | Orc:2    | Found a roughly hewn altar of Beogh.
 30204 | Orc:2    | Found Rogoc's Weapon Boutique.
 30266 | Orc:2    | Bought 2 poisoned darts for 9 gold pieces
 30273 | Orc:2    | Found Qocif's Antique Weapon Shop.
 30318 | Orc:2    | Bought a dazzling war axe for 204 gold pieces
 30318 | Orc:2    | Identified the +5 war axe of the Known World {flame, Str+2}
                  | (You bought it in a shop on level 2 of the Orcish Mines)
 30426 | Orc:2    | Noticed Josephine
 30448 | Orc:2    | Killed Josephine
 30591 | Orc:2    | Noticed an orc warlord
 30593 | Orc:2    | Found a roughly hewn altar of Beogh.
 30612 | Orc:2    | Killed an orc warlord
 30613 | Orc:2    | Reached skill level 20 in Fighting
 30613 | Orc:2    | Reached XP level 16. HP: 162/162 MP: 28/28
 30800 | Orc:2    | Found Geboph's Jewellery Boutique.
 30819 | Orc:2    | Bought the amulet of Pantheism {rPois rF+ Regen+ Stlth+}
                  | for 510 gold pieces
 30848 | Orc:2    | Found Issurie's Assorted Antiques.
 30874 | Orc:2    | Bought a potion of heal wounds for 90 gold pieces
 30874 | Orc:2    | Bought a condenser vane for 720 gold pieces
 30874 | Orc:2    | Bought a potion of heal wounds for 90 gold pieces
 31292 | Orc:2    | Found a staircase to the Elven Halls.
 31712 | Snake:1  | Entered Level 1 of the Snake Pit
 32143 | Snake:1  | Found Keiteun's Jewellery Emporium.
 32145 | Snake:1  | Found Sihulued's Antique Weapon Shoppe.
 32147 | Snake:1  | Found Zeiloun's Book Emporium.
 34066 | Snake:3  | Noticed a nagaraja
 34308 | Snake:2  | Killed a nagaraja
 34372 | Snake:3  | Reached skill level 10 in Shields
 34501 | Snake:3  | Noticed a nagaraja
 34530 | Snake:3  | Killed a nagaraja
 34550 | Snake:3  | Noticed Aizul
 34564 | Snake:3  | Killed Aizul
 34670 | Snake:3  | Found an iron altar of Okawaru.
 34742 | Snake:3  | Noticed Vashnia
 34766 | Snake:3  | Killed Vashnia
 34767 | Snake:3  | Reached XP level 17. HP: 81/170 MP: 29/29
 35531 | Snake:4  | Entered Level 4 of the Snake Pit
 35540 | Snake:4  | Found a sacrificial altar of Ru.
 35557 | Snake:4  | Noticed Kirke
 35591 | Snake:3  | Killed Kirke
 35916 | Snake:4  | Noticed Agnes
 35939 | Snake:3  | Killed Agnes
 36593 | Snake:4  | Noticed a quicksilver dragon
 36830 | Snake:4  | Killed a quicksilver dragon
 36954 | Snake:4  | Reached skill level 15 in Shields
 37002 | Snake:4  | Found Huetwuos's Antique Weapon Shoppe.
 37002 | Snake:4  | Found Six Aruasy's Book Emporium.
 37003 | Snake:4  | Found Xeoheiz's Magic Scroll Shoppe.
 37007 | Snake:4  | Found Umouj's Assorted Antiques.
 37011 | Snake:4  | Bought a scroll of enchant armour for 90 gold pieces
 37011 | Snake:4  | Bought a scroll of enchant armour for 90 gold pieces
 37011 | Snake:4  | Bought a scroll of teleportation for 36 gold pieces
 37023 | Snake:4  | Bought a scroll of brand weapon for 360 gold pieces
 37290 | Snake:4  | Noticed a quicksilver dragon
 37295 | Snake:4  | Killed a quicksilver dragon
 37416 | Snake:4  | Got a serpentine rune of Zot
 37959 | Swamp:1  | Entered Level 1 of the Swamp
 37981 | Swamp:1  | Noticed Jorgrun
 38208 | Swamp:1  | Killed Jorgrun
 38304 | Swamp:1  | Reached XP level 18. HP: 158/178 MP: 30/30
 38974 | Swamp:2  | Noticed a tentacled monstrosity
 38974 | Swamp:2  | Noticed a tentacled monstrosity
 39210 | Swamp:2  | Noticed Louise
 39222 | Swamp:2  | Killed Louise
 39281 | Swamp:2  | Noticed Nikola
 39290 | Swamp:2  | Killed Nikola
 39473 | Swamp:2  | Killed a tentacled monstrosity
 39919 | Swamp:2  | Killed a tentacled monstrosity
 40482 | Swamp:3  | Noticed Roxanne
 40837 | Swamp:4  | Entered Level 4 of the Swamp
 40992 | Swamp:4  | Reached XP level 19. HP: 183/185 MP: 32/32
 41065 | Swamp:4  | Noticed a bone dragon
 41096 | Swamp:4  | Killed a bone dragon
 41160 | Swamp:4  | Got a decaying rune of Zot
 41302 | Swamp:4  | Noticed Bai Suzhen
 41323 | Swamp:4  | Killed Bai Suzhen
 41815 | Vaults:1 | Entered Level 1 of the Vaults
 41873 | Vaults:1 | Found Biyteas's Jewellery Shoppe.
 42194 | Vaults:1 | Found Xenex's Jewellery Emporium.
 42300 | Vaults:1 | Reached skill level 1 in Evocations
 42404 | Vaults:1 | Found Perchue Xoxog's Jewellery Shoppe.
 42404 | Vaults:1 | Found Yghis's Book Shoppe.
 42656 | Vaults:1 | Identified the +7 arbalest "Orb Guardian's Doom" {vorpal,
                  | Will+}
 42923 | Vaults:2 | Noticed Mennas
 42940 | Vaults:2 | Killed Mennas
 43316 | Vaults:2 | Reached XP level 20. HP: 102/193 MP: 34/34
 43432 | Vaults:2 | Found Rahiajun's Jewellery Boutique.
 43647 | Vaults:2 | Found a staircase to the Crypt.
 43976 | Vaults:2 | Identified the +3 bardiche of a volcano {protect, rPois}
 44173 | Vaults:3 | Reached skill level 5 in Evocations
 44709 | Vaults:3 | Got the Disquisition on the Frostbite
 44750 | Vaults:3 | Identified a scroll of acquirement
 44820 | Vaults:3 | Acquired a manual of Dodging
 44934 | Vaults:3 | Got Mnoleg's Incunabulum of Calling
 45783 | Vaults:4 | Reached skill level 10 in Dodging
 46150 | Vaults:4 | Reached XP level 21. HP: 201/201 MP: 35/35
 46822 | Depths:1 | Entered Level 1 of the Depths
 47108 | Depths:1 | Found a gateway to Hell.
 47198 | Depths:1 | Found a one-way gate leading to the halls of Pandemonium.
 47198 | Depths:1 | Gained mutation: You are dopey. (Int -2) [a cacodemon]
 47242 | Depths:1 | Found an opulent altar of Gozag.
 47529 | Depths:1 | Noticed the Enchantress
 47536 | Depths:1 | Killed the Enchantress
 47707 | Depths:1 | Reached skill level 10 in Evocations
 47943 | Depths:2 | Noticed Asterion
 47958 | Depths:2 | Killed Asterion
 48018 | Depths:2 | Found a snail-covered altar of Cheibriados.
 48209 | Depths:2 | Noticed a juggernaut
 48247 | Depths:2 | Killed a juggernaut
 48363 | Depths:2 | Reached skill level 21 in Fighting
 48605 | Depths:2 | Reached XP level 22. HP: 209/213 MP: 36/36
 49033 | Depths:2 | Found a one-way gate to the infinite horrors of the Abyss.
 49867 | Depths:3 | Reached skill level 22 in Fighting
 50540 | Depths:4 | Entered Level 4 of the Depths
 50553 | Depths:4 | Identified the +8 hand axe "Spider's Death Toll" {flame,
                  | rElec rF+ Str+3}
 50640 | Depths:4 | Noticed a golden dragon
 50655 | Depths:4 | Killed a golden dragon
 50656 | Depths:4 | Reached skill level 23 in Fighting
 50855 | Depths:4 | Found a gate to the Realm of Zot.
 50941 | Depths:4 | Found a one-way gateway to a ziggurat.
 51062 | Depths:4 | Reached skill level 24 in Fighting
 51398 | Depths:4 | Reached XP level 23. HP: 229/229 MP: 37/37
 51995 | Elf:1    | Entered Level 1 of the Elven Halls
 51996 | Elf:1    | Paralysed by an air elemental for 1 turns
 51999 | Elf:1    | Paralysed by an air elemental for 1 turns
 52009 | Orc:2    | Paralysed by an air elemental for 1 turns
 52014 | Orc:2    | Reached skill level 1 in Throwing
 52275 | Elf:1    | Identified the +11 flail "Xaucit" {elec, rF- Str+4 Stlth+}
 52283 | Elf:1    | Found an ancient bone altar of Kikubaaqudgha.
 52395 | Elf:1    | Paralysed by an air elemental for 1 turns
 52884 | Elf:2    | Found a runed translucent gate.
 52885 | Elf:2    | Found a runed translucent gate.
 52885 | Elf:2    | Found a runed translucent gate.
 52968 | Elf:2    | Paralysed by an air elemental for 1 turns
 53184 | Elf:3    | Entered Level 3 of the Elven Halls
 53217 | Elf:3    | Found Baityxkihu's Weapon Shoppe.
 53302 | Elf:3    | Paralysed by an air elemental for 1 turns
 53362 | Elf:3    | Reached skill level 5 in Throwing
 53867 | Elf:3    | Identified the ring "Foklygoh" {Will++ rCorr Str+6 Slay-5}
 53917 | Elf:3    | Reached skill level 25 in Fighting
 54108 | Elf:3    | Found the +3 Mad Mage's Maulers {Infuse+∞ RegenMP Int-3}
 54121 | Elf:3    | Identified the +3 hand crossbow "Saiv" {flame, +Blink rC+
                  | rCorr Stlth+}
 54123 | Elf:3    | Identified the amulet of the Heavens {Acrobat Dex+4}
 54133 | Elf:3    | Identified the ring of Sif Muna's Esteem {Fly rElec}
 54232 | Elf:3    | Got the Reference Book on Black Secrets
 54246 | Elf:3    | Identified the +3 spear "Wevan" {vorpal, Will+ Str+7 Int-4}
 55642 | Vaults:5 | Entered Level 5 of the Vaults
 55642 | Vaults:5 | Noticed a golden dragon
 55672 | Vaults:5 | Got a silver rune of Zot
 55797 | Vaults:5 | Identified the +11 falchion of Patience {freeze, Int+2}
 55813 | Vaults:5 | Identified the +5 war axe of Upheaval {pain, rC+ Str+4
                  | Dex-2}
 56218 | Zot:1    | Entered Level 1 of the Realm of Zot
 56244 | Zot:1    | Reached skill level 15 in Dodging
 56522 | Zot:3    | Noticed a golden dragon
 56534 | Zot:3    | Killed a golden dragon
 56535 | Zot:3    | Reached XP level 24. HP: 242/242 MP: 37/37
 56616 | Zot:3    | Reached skill level 10 in Throwing
 56812 | Zot:3    | Noticed an orb of fire
 57236 | Zot:5    | Entered Level 5 of the Realm of Zot
 57314 | Zot:5    | Found a hide-covered altar of Uskayaw.
 57608 | Zot:5    | Noticed an orb of fire
 57610 | Zot:5    | Lost mutation: You possess an exceptional clarity of mind.
                  | [an orb of fire]
 57611 | Zot:5    | Noticed a Killer Klown
 57611 | Zot:5    | Noticed a dread lich
 57613 | Zot:5    | Noticed a Killer Klown
 57613 | Zot:5    | Noticed a Killer Klown
 57615 | Zot:5    | Gained mutation: You are very dopey. (Int -4) [an orb of
                  | fire]
 57618 | Zot:5    | Lost mutation: You are partially covered in iridescent
                  | scales. (AC +2) [an orb of fire]
 57622 | Zot:5    | Gained mutation: You tend to lose your temper in combat.
                  | [an orb of fire]
 57623 | Zot:5    | Gained mutation: Your spells are a little easier to cast,
                  | but a little less powerful. [an orb of fire]
 57624 | Zot:5    | Noticed a Killer Klown
 57626 | Zot:5    | Killed a dread lich
 57640 | Zot:5    | Noticed a dread lich
 57649 | Zot:5    | Killed a dread lich
 57655 | Zot:5    | Killed a Killer Klown
 57670 | Zot:5    | Killed an orb of fire
 57693 | Zot:5    | Lost intelligence.
 57709 | Zot:5    | Killed a Killer Klown
 57731 | Zot:5    | Killed a Killer Klown
 57734 | Zot:5    | Killed a Killer Klown
 57869 | Zot:5    | Lost mutation: Your muscles are strong. (Str +2) [potion of
                  | mutation]
 57869 | Zot:5    | Lost mutation: You tend to lose your temper in combat.
                  | [potion of mutation]
 57869 | Zot:5    | Lost mutation: Your spells are a little easier to cast, but
                  | a little less powerful. [potion of mutation]
 57869 | Zot:5    | Gained mutation: You tend to lose your temper in combat.
                  | [potion of mutation]
 57869 | Zot:5    | Gained mutation: You are somewhat resistant to further
                  | mutation. [potion of mutation]
 57870 | Zot:5    | Lost mutation: You are somewhat resistant to further
                  | mutation. [potion of mutation]
 57870 | Zot:5    | Lost mutation: You tend to lose your temper in combat.
                  | [potion of mutation]
 57870 | Zot:5    | Gained mutation: You sometimes lose the ability to read
                  | scrolls when taking damage. [potion of mutation]
 57870 | Zot:5    | Gained mutation: You are frail. (-10% HP) [potion of
                  | mutation]
 57870 | Zot:5    | Gained mutation: You have a pair of small horns on your
                  | head. [potion of mutation]
 57871 | Zot:5    | Lost mutation: You have a pair of small horns on your head.
                  | [potion of mutation]
 57871 | Zot:5    | Lost mutation: You are very dopey. (Int -4) [potion of
                  | mutation]
 57871 | Zot:5    | Lost mutation: You are frail. (-10% HP) [potion of
                  | mutation]
 57871 | Zot:5    | Gained mutation: Your system is resistant to poisons.
                  | (rPois) [potion of mutation]
 57871 | Zot:5    | Gained mutation: You have sharp fingernails. [potion of
                  | mutation]
 57871 | Zot:5    | Gained mutation: You occasionally shout uncontrollably at
                  | your foes. [potion of mutation]
 57871 | Zot:5    | Gained mutation: You have a somewhat thin skeletal
                  | structure. (Dex +2, Stealth+) [potion of mutation]
 57872 | Zot:5    | Lost mutation: You are dopey. (Int -2) [potion of mutation]
 57872 | Zot:5    | Lost mutation: You sometimes lose the ability to read
                  | scrolls when taking damage. [potion of mutation]
 57872 | Zot:5    | Gained mutation: Your natural rate of healing is unusually
                  | fast. [potion of mutation]
 57872 | Zot:5    | Gained mutation: Your spells are a little harder to cast,
                  | but a little more powerful. [potion of mutation]
 57899 | Zot:5    | Noticed a Killer Klown
 57935 | Zot:5    | Killed a Killer Klown
 57967 | Zot:5    | Noticed an orb of fire
 57990 | Zot:5    | Killed an orb of fire
 58065 | Zot:5    | Noticed an orb of fire
 58068 | Zot:5    | Noticed an orb of fire
 58070 | Zot:5    | Got the Orb of Zot
 58070 | Zot:5    | Noticed a Killer Klown
 58402 | D:14     | Noticed Itritzith the pandemonium lord
 58587 | D:11     | Noticed Telytt the pandemonium lord
 58882 | D:$      | Escaped with the Orb!

Illustrated notes

Levels and vault maps discovered:
D:1:      roderic_chinese_lattice_arrival, layout_basic,
          chequers_ecumenical_altar_simple_redux, amcnicky_mini_corridor_feature
D:2:      layout_basic, serial_curves, eino_curves_04, eino_curves_01
D:3:      layout_loops_cross, mainiacjoe_overflow_brackets, roderic_batcave,
          uniq_jessica
D:4:      cheibrodos_greedy_goblins, layout_gridville, lemuel_tele_altar,
          nicolae_ossuary_entry_ruins
D:5:      layout_layer_cave, serial_shops, kennysheep_mini_moat
D:6:      layout_basic, amcnicky_altar_gilded, lemuel_round_altar,
          minmay_temple_entry_waves, gup_sewer_entry_bowl
D:7:      layout_loops_ring, pdpol_temple_overflow_zin_treasury_gozag_greed,
          nicolae_shop_clearance
D:8:      layout_rooms, nemelex_spade_bored_becter,
          mainiacjoe_overflow_surrounded_room, okawaru_metal_pillars_3,
          lair_entry_dummy, kennysheep_opposing_triangles
D:9:      layout_long_grid, erik_orc_2, minmay_misc_feat_iff
D:10:     layout_roguey, nzn_hepliaklqana_mist_gate,
          grunt_temple_overflow_diamond, gammafunk_ghost_spectres, uniq_psyche,
          uniq_maggie
D:11:     layout_stronghold
D:12:     layout_stronghold, nzn_ghost_randoct
D:13:     layout_grid_maze, nicolae_trove_entry_diagonal
D:14:     layout_big_octagon, minmay_fountain_box, serial_bayou_pond_d,
          led_xom_imps
D:15:     gammafunk_enter_depths_forms, layout_loops_ring, bh_walls_and_bars
Temple:   corrupted_temple
Lair:1:   layout_roguey, infiniplex_staircase_pool_2
Lair:2:   layout_regular_city
Lair:3:   layout_chaotic_city, portal_ice_cave_rime, gauntlet_entry_generic,
          minmay_hedge_maze, kennysheep_rathole, grunt_megastairs_1,
          infiniplex_staircase_pool
Lair:4:   layout_misc_corridors, skrybe_swamp_entry_bodies,
          guppyfry_snake_entry_garden, chequers_serial_rivers_small_b,
          minmay_stone_trees_small, lemuel_fruit_tree
Lair:5:   layout_loops_ring
Lair:6:   hangedman_lair_caniforms_friends, layout_cave_pods,
          guppyfry_lair_end_dragon, slime_altar_2, gammafunk_ghost_necromancy,
          uniq_urug, uniq_sonja
Swamp:1:  nicolae_swamp_wrong_neighborhood, layout_basic_swamp,
          evilmike_swamp_ruin_rubble_1, uniq_jorgrun
Swamp:2:  nzn_winding_woodlands_medium [nzn_winding_woodlands_5x5_default,
          nzn_winding_woodlands_5x15_sawtooth,
          nzn_winding_woodlands_5x5_closed_star,
          nzn_winding_woodlands_hourglass, nzn_winding_woodlands_center_garden,
          nzn_winding_woodlands_5x5_open_star, nzn_winding_woodlands_5x5_cross,
          nzn_winding_woodlands_5x15_concentric,
          nzn_winding_woodlands_5x5_checkerboard], layout_basic_swamp,
          nicolae_swamp_feature_on_the_river_bank, uniq_nikola, uniq_louise
Swamp:3:  layout_basic_swamp, nicolae_swamp_treefoil, swamp_pool2, uniq_roxanne
Swamp:4:  swamp_pestilence, layout_basic_swamp, uniq_bai_suzhen
Snake:1:  layout_gridlike, minmay_shop_star
Snake:2:  layout_chambers
Snake:3:  dpeg_oklob_gauntlet, layout_onion_interference, basic_altar,
          st_stairs_14, nicolae_elevator_lobby_plus, uniq_vashnia, uniq_aizul
Snake:4:  hellmonk_snake_rune_quicksilver_temple, layout_cave_town, basic_altar,
          minmay_shoptagon, uniq_agnes, uniq_kirke
Orc:1:    layout_diamond_mine
Orc:2:    pubby_orc_utopia, uniq_josephine
Elf:1:    layout_rooms, basic_altar, evilmike_minifort, evilmike_ambush
          [evilmike_ambush_outer_basic, evilmike_ambush_inner_basic]
Elf:2:    nicolae_elf_blades_crystal_corner, layout_geoelf_diagonals
Elf:3:    elf_hall, layout_geoelf_diagonals, serial_shops, nicolae_shop_trees,
          hangedman_elf_represent
Vaults:1: ontoclasm_vaults_ring_square, hangedman_vaults_corner_blocks,
          nicolae_vaults_specimen_jars, nicolae_vaults_yaktaur_gun_rack,
          ontoclasm_vaults_decontamination, ontoclasm_vaults_ring_small,
          v_alt_pattern_6, vaults_dpeg_ring, v_misc_23, layout_vaults_big_room,
          serial_shops, nicolae_shop_competitors_out_of_business, shop,
          nicolae_lakefront_shop, shop
Vaults:2: minmay_crypt_entry_simple_box, vaults_room_fancy_cross,
          hangedman_vaults_impose, ontoclasm_vaults_gateway,
          ontoclasm_vaults_fault, ontoclasm_vaults_twist, st_cross,
          nicolae_vaults_little_ls, nicolae_vaults_little_squares_6, v_misc_29,
          vaults_room_fancy_cross, layout_vaults_maze, serial_shops,
          nicolae_shop_hallway_stairs, uniq_mennas
Vaults:3: mu_enter_wizlab_5, nicolae_vaults_disjoint_gnomons,
          hangedman_vaults_nodes, vaults_room_octagon,
          nicolae_vaults_mini_display_case, ontoclasm_vaults_shuriken,
          vaults_room_pools, nicolae_vaults_holding_cells, v_misc_9,
          ontoclasm_vaults_spin, nicolae_vaults_diagonal_hallway_9,
          layout_vaults_omnibox, serial_hangedman_research,
          hangedman_research_convocations, hangedman_research_thermodynamics
Vaults:4: v_misc_29, vaults_room_hallway, nicolae_vaults_meeting,
          ontoclasm_vaults_hangar, hangedman_vaults_restitches,
          vaults_room_ringed_pool, nicolae_vaults_hallways_thing, v_misc_15,
          nicolae_vaults_network_quinsquares
          [nicolae_vaults_network_quincunx_subvault,
          nicolae_vaults_network_quincunx_subvault,
          nicolae_vaults_network_quincunx_subvault,
          nicolae_vaults_network_quincunx_subvault], v_pattern_2,
          layout_vaults_omnicross
Vaults:5
Depths:1: layout_gridville, serial_sigils_hangedman_shear,
          rand_demon_pan_entry_5, hell_entry, roderic_cross_of_infinity,
          eino_small_chamber_without_monster, chequers_decorated_corner,
          minmay_crystal_water, nicolae_gozag_seed_capital,
          serial_bayou_shore_a, uniq_enchantress
Depths:2: grunt_deathspiral_small, layout_basic, grunt_decor_one_mirror,
          rand_demon_pan_entry_3, abyss_entry_small_statue_room,
          hangedman_geh_valley, cheibriados_altar_1,
          infiniplex_staircase_zigzag_4, uniq_asterion
Depths:3: kennysheep_ogre_elephant_herders, layout_gridlike, hellmouth_3,
          abyss_entry, serial_bayou_shore_b
Depths:4: grunt_x_marks_the_spot, layout_gridlike, enter_ziggurat_e, pan_entry,
          hell_entry, lightli_corner_chamber
Zot:1:    layout_gridlike
Zot:2:    layout_gridlike, st_large_dragon_hoard_2
Zot:3:    hangedman_snap_crack_crunch, layout_concentric_octagons
Zot:4:    grunt_twist_and_shout, layout_cathedral_of_symmetry, st_stairs_2
Zot:5:    layout_misc_corridors, basic_altar

Skill      XL: |  1  2  3  4  5  6  7  8  9 10 11 12 13 14 15 16 17 18 19 20 21 22 23 24 |
---------------+-------------------------------------------------------------------------+-----
Fighting       | 4 5 6 7 8 9 10 12 15 17 20 21 24 25 | 25.7
Stealth        | 2 |  2.0
Axes           | 5 6 7 8 10 12 14 16 18 | 18.0
Armour         | 3 7 9 12 13 14 | 14.3
Shields        | 5 11 16 18 20 21 22 | 22.0
Invocations    | 6 10 12 15 16 19 20 21 | 21.1
Dodging        | 4 7 8 10 13 14 15 | 15.0
Evocations     | 4 8 11 12 | 12.0
Throwing       | 9 12 | 12.0

Action                   |  1- 3 |  4- 6 |  7- 9 | 10-12 | 13-15 | 16-18 | 19-21 | 22-24 || total
-------------------------+-------+-------+-------+-------+-------+-------+-------+-------++-------
Melee: Hand axe          |    49 |       |       |       |       |       |       |       ||    49
       Mace              |    87 |   132 |   445 |       |       |       |       |       ||   664
       Punch             |     1 |     2 |    18 |       |       |       |       |       ||    21
       War axe           |       |       |   176 |   726 |   621 |    50 |    14 |       ||  1587
       Trident           |       |       |       |     3 |       |       |       |       ||     3
       Morningstar       |       |       |       |     4 |    35 |       |       |       ||    39
       Broad axe         |       |       |       |       |   432 |  1215 |  1263 |  1507 ||  4417
Throw: Dart              |       |     8 |     3 |     8 |       |       |       |       ||    19
       Javelin           |       |     1 |     2 |       |       |       |       |       ||     3
       Boomerang         |       |       |       |       |       |       |     2 |     7 ||     9
Invok: Lesser Servant of |       |       |       |     3 |    11 |       |       |       ||    14
       Minor Destruction |       |       |       |     1 |       |     2 |       |       ||     3
       Greater Servant o |       |       |       |       |     3 |    14 |     4 |     4 ||    25
       Major Destruction |       |       |       |       |     1 |     1 |       |     2 ||     4
Evoke: Wand              |       |     3 |    15 |     2 |     4 |       |       |     1 ||    25
       Box of beasts     |       |       |       |     1 |       |       |       |       ||     1
       Condenser vane    |       |       |       |       |       |     3 |     4 |     2 ||     9
       Phial of floods   |       |       |       |       |       |     2 |     1 |       ||     3
       Tin of tremorston |       |       |       |       |       |       |     5 |     2 ||     7
  Use: Potion            |       |     3 |       |     1 |     2 |     8 |     2 |    17 ||    33
       Scroll            |       |       |     5 |    12 |    17 |     8 |     7 |    17 ||    66
 Stab: Sleeping          |       |       |     1 |     1 |       |       |       |       ||     2
       Distracted        |       |       |       |     1 |     4 |     5 |       |     6 ||    16
       Invisible         |       |       |       |     1 |       |       |       |       ||     1
       Paralysed         |       |       |       |     1 |       |       |       |       ||     1
       Petrifying        |       |       |       |       |     1 |       |       |       ||     1
       Petrified         |       |       |       |       |     2 |       |       |       ||     2
       Confused          |       |       |       |       |       |     2 |     6 |       ||     8
Armor: Scale mail        |    76 |   113 |       |       |       |       |       |       ||   189
       Robe              |     1 |       |       |       |       |       |       |       ||     1
       Chain mail        |       |    16 |   275 |       |       |       |       |       ||   291
       Plate armour      |       |       |    38 |   322 |   727 |   654 |   538 |   296 ||  2575
       Ring mail         |       |       |    53 |    52 |       |       |       |       ||   105
       Gold dragon scale |       |       |       |       |       |       |       |   239 ||   239
Dodge: Dodged            |    85 |   114 |   257 |   269 |   468 |   399 |   295 |   389 ||  2276
Block: Buckler           |       |       |       |   142 |   261 |    35 |       |       ||   438
       Kite shield       |       |       |       |       |       |   298 |       |       ||   298
       Tower shield      |       |       |       |       |       |   738 |  1461 |  1860 ||  4059
